Map: Blackpink LE

Players

Elazer

  • Race: Zerg Zerg
  • Spawn Location: 7:00

Classic - Winner!

  • Race: Protoss Protoss
  • Spawn Location: 1:00

Event: WESG 2017 Haikou

VOD

Have the link to the VOD?

Description

Time

  • Played on: March 17, 2018, 12:51 a.m.
  • Length: 10:20

All games in this series

Show
View Real Time Build Order
Export as new Build Order

Elazer Zerg 

Build Orders: Hatch First 

Get SALT Encoding   

  12  0:00  Drone  
  13  0:12  Overlord  
  13  0:17  Drone  
  14  0:30  Drone  
  14  0:31  Drone  
  16  0:48  Hatchery  
  15  0:51  Drone  
  15  0:54  Drone  
  17  0:58  Drone  
  18  1:08  Extractor  
  17  1:12  Spawning Pool  
  16  1:18  Drone  
  16  1:19  Drone  
  18  1:28  Drone  
  19  1:38  Drone  
  20  1:49  Overlord  
  20  1:59  Queen  
  20  2:00  Zergling x4, Queen  
  26  2:11  Drone x2, Metabolic Boost  
  28  2:21  Drone  
  28  2:22  Drone  
  30  2:33  Drone  
  31  2:37  Hatchery  
  31  2:43  Queen  
  32  2:48  Overlord  
  32  2:50  Drone  
  33  2:54  Drone  
  33  2:56  Drone  
  33  2:58  Drone  
  36  3:10  Drone x3  
  39  3:14  Drone x2  
  39  3:18  Spore Crawler  
  39  3:22  Spore Crawler  
  39  3:23  Drone x2  
  39  3:25  Queen  
  39  3:26  Overlord  
  43  3:32  Drone  
  44  3:39  Drone  
  40  3:42  Drone  
  40  3:47  Spore Crawler  
  41  3:48  Drone x2  
  41  3:49  Drone x2  
  41  3:51  Drone  
  45  3:57  Overlord  
  45  3:58  Drone x2  
  45  3:59  Drone  
  45  4:02  Drone  
  49  4:06  Drone, Evolution Chamber  
  49  4:07  Drone  
  48  4:13  Drone x2  
  48  4:14  Spore Crawler  
  49  4:18  Queen  
  49  4:21  Drone x2  
  49  4:22  Drone x2  
  49  4:24  Drone  
  56  4:25  Drone  
  57  4:34  Drone x3  
  57  4:37  Zerg Melee Weapons Level 1  
  60  4:42  Drone  
  60  4:46  Overlord  
  60  4:47  Drone x3  
  60  4:48  Drone  
  60  4:51  Overlord  
  64  4:53  Overlord  
  64  4:58  Baneling Nest  
  63  5:01  Overlord  
  63  5:03  Queen  
  65  5:08  Zergling x2  
  65  5:10  Overlord, Zergling x2  
  65  5:11  Zergling x10  
  72  5:17  Extractor x2  
  70  5:24  Zergling x14  
  77  5:32  Overlord  
  77  5:33  Drone x4  
  77  5:34  Drone  
  81  5:41  Hatchery, Lair, Queen  
  82  5:47  Overlord  
  82  5:49  Zergling x8  
  86  5:55  Overlord  
  86  5:57  Baneling x5  
  86  5:58  Baneling, Zergling x4  
  86  6:01  Queen  
  90  6:04  Baneling  
  90  6:05  Baneling  
  90  6:16  Zergling x8  
  82  6:20  Zergling x6  
  82  6:23  Zergling x16  
  82  6:24  Queen  
  86  6:36  Zergling x2  
  86  6:37  Zergling x10  
  85  6:40  Queen x2  
  85  6:44  Zergling x4  
  80  6:49  Zergling x8  
  74  6:55  Zergling x2  
  74  6:56  Zergling x8  
  71  7:04  Zergling x2  
  71  7:05  Zergling x4  
  62  7:13  Zergling x2  
  62  7:14  Zergling x8  
  62  7:15  Zerg Melee Weapons Level 2  
  62  7:18  Queen  
  62  7:19  Queen  
  66  7:28  Drone x5  
  71  7:31  Drone x2  
  71  7:32  Drone  
  71  7:34  Drone  
  71  7:35  Drone  
  76  7:37  Drone  
  76  7:39  Drone  
  76  7:43  Drone  
  79  7:45  Drone  
  79  7:47  Drone  
  79  7:49  Centrifical Hooks  
  79  7:51  Drone x3  
  83  7:54  Drone x2  
  83  7:55  Drone  
  83  7:56  Drone  
  83  7:57  Drone  
  89  8:00  Drone x2  
  91  8:07  Overlord  
  91  8:10  Overlord  
  91  8:12  Drone x2  
  93  8:16  Drone x2  
  93  8:18  Drone  
  93  8:19  Drone  
  97  8:22  Extractor  
  97  8:23  Extractor  
  97  8:26  Hydralisk Den  
  94  8:28  Drone x2  
  94  8:33  Hatchery  
  95  8:34  Overlord  
  95  8:40  Drone x4  
  99  8:45  Zergling x6  
  99  8:46  Zergling x6  
  105  8:56  Hydralisk x4, Baneling x5  
  105  8:58  Muscular Augments, Overseer  
  113  9:04  Hydralisk  
  113  9:05  Hydralisk x4  
  123  9:14  Hydralisk x2  
  123  9:15  Zergling x2  
  128  9:20  Overlord x3  
  128  9:27  Baneling x6  
  126  9:38  Zergling x2  
  126  9:39  Zergling x20  
  125  9:47  Hydralisk x6  
  125  9:50  Zergling x4  
  125  9:51  Zergling x8  
  120  9:54  Hydralisk  
  120  9:55  Hydralisk  
  111  10:02  Zergling x8  
Show
View Real Time Build Order
Export as new Build Order

Classic Protoss - Winner!

Build Orders: 1 Gate Expand, Oracle Opening, Zealot Archon, Archon Drop 

Get SALT Encoding   

  12  0:00  Probe  
  13  0:12  Probe  
  14  0:17  Pylon  
  14  0:24  Probe (Chrono Boost)  
  15  0:36  Probe (Chrono Boost)  
  15  0:39  Gateway  
  16  0:45  Probe (Chrono Boost)  
  16  0:46  Assimilator  
  17  0:51  Probe  
  18  1:03  Probe  
  19  1:15  Probe  
  20  1:23  Nexus  
  20  1:33  Cybernetics Core  
  20  1:36  Probe  
  21  1:43  Assimilator  
  21  1:48  Probe  
  22  1:54  Pylon  
  22  2:00  Probe  
  23  2:12  Adept (Chrono Boost), Stargate  
  23  2:14  Probe  
  26  2:23  Warp Gate  
  26  2:27  Probe (Chrono Boost)  
  27  2:30  Adept  
  27  2:35  Probe (Chrono Boost)  
  32  2:45  Probe x2 (Chrono Boost)  
  32  2:50  Probe (Chrono Boost)  
  32  2:51  Probe (Chrono Boost)  
  33  2:53  Oracle (Chrono Boost)  
  37  3:01  Probe  
  37  3:03  Probe  
  39  3:11  Pylon  
  39  3:13  Probe  
  39  3:15  Probe  
  41  3:21  Oracle (Chrono Boost)  
  41  3:26  Probe  
  43  3:27  Probe  
  43  3:30  Gateway  
  43  3:31  Adept  
  46  3:38  Probe  
  46  3:39  Probe  
  48  3:47  Assimilator  
  48  3:48  Twilight Council  
  48  3:50  Assimilator  
  48  3:52  Pylon  
  48  3:53  Probe  
  48  3:54  Probe  
  50  4:02  Pylon  
  50  4:08  Robotics Facility  
  50  4:10  Probe x2  
  52  4:20  Charge (Chrono Boost)  
  52  4:22  Probe x2  
  54  4:24  Gateway x2  
  54  4:37  Stalker, Gateway  
  56  4:45  Gateway  
  56  4:48  Pylon  
  56  4:51  Templar Archives  
  56  4:53  Warp Prism (Chrono Boost)  
  58  5:02  Pylon  
  58  5:06  Zealot  
  60  5:07  Zealot  
  59  5:25  Pylon  
  59  5:27  Zealot x4  
  67  5:42  High Templar  
  67  5:45  High Templar  
  67  5:46  Pylon  
  67  5:47  High Templar x2  
  67  5:48  Zealot x2  
  67  5:49  Archon  
  79  5:51  Archon  
  79  5:52  Observer  
  80  5:57  Nexus  
  80  5:59  Probe x2  
  82  6:08  Zealot  
  84  6:16  Zealot x2  
  74  6:19  Zealot  
  74  6:20  Zealot x2  
  76  6:30  Probe x2  
  76  6:36  Zealot x3  
  78  6:40  Zealot  
  78  6:42  Zealot x2  
  72  6:57  Zealot x3  
  72  7:00  Probe x2  
  74  7:02  Zealot x2  
  74  7:03  Zealot  
  68  7:13  Probe x2  
  68  7:14  Probe  
  61  7:17  High Templar  
  61  7:18  High Templar  
  61  7:21  High Templar  
  61  7:22  Archon, High Templar  
  69  7:25  Forge, High Templar  
  69  7:26  Archon, High Templar  
  73  7:30  Archon  
  73  7:33  Probe x2 (Chrono Boost)  
  73  7:34  Immortal (Chrono Boost), Probe (Chrono Boost)  
  80  7:41  Assimilator  
  82  7:44  Assimilator  
  82  7:45  Probe x2 (Chrono Boost)  
  82  7:46  Probe (Chrono Boost)  
  83  7:52  Probe x2 (Chrono Boost)  
  83  7:53  Probe (Chrono Boost), High Templar x2  
  83  7:54  Protoss Ground Weapons Level 1 (Chrono Boost)  
  90  7:58  Archon  
  90  7:59  Zealot, Probe x3, Pylon  
  90  8:03  Zealot  
  97  8:07  Immortal (Chrono Boost)  
  101  8:20  Gateway x2  
  101  8:24  Pylon  
  101  8:26  Photon Cannon  
  101  8:27  Pylon  
  101  8:28  High Templar  
  101  8:29  High Templar  
  105  8:34  Photon Cannon, Archon  
  105  8:43  Immortal  
  105  8:48  Zealot x3  
  113  8:49  Zealot  
  117  8:57  Pylon  
  117  8:58  Pylon  
  117  8:59  Photon Cannon  
  117  9:04  High Templar x2  
  117  9:08  Archon, Pylon  
  121  9:11  Zealot x2, High Templar x2  
  121  9:15  Archon  
  129  9:21  Zealot x2  
  129  9:22  Photon Cannon  
  130  9:32  Sentry  
  130  9:33  Adept  
  134  9:41  Zealot x4  
  134  9:45  Probe x3  
  119  9:47  Zealot x2  
  109  10:00  Zealot x2  
  109  10:04  Zealot x4  
Tags
 
Add a new tag
Caveats
  • Supply blocks, unpowered buildings, or Contaminate may cause inaccurate times.
  • Supply counts are checked every 10 seconds.